 Dungeon Crawl Stone Soup version 0.24-a0-537-g2d01d4a (webtiles) character file.

Game seed: 2382623979179825162

37 ChiliFlavouring the Poker (level 3, 0/30 HPs)
             Began as a Merfolk Abyssal Knight on Aug 14, 2019.
             Was a Believer of Lugonu.
             Slain by a goblin (3 damage)
             ... on level 1 of the Dungeon.
             The game lasted 00:02:39 (855 turns).

ChiliFlavouring the Poker (Merfolk Abyssal Knight)   Turns: 855, Time: 00:02:39

Health: 0/30       AC:  3    Str: 13    XL:     3   Next: 39%
Magic:  4/4        EV: 11    Int: 11    God:    Lugonu [**....]
Gold:   17         SH:  3    Dex: 13    Spells: 2/2 levels left

rFire    . . .     SeeInvis .   a - +1 spear
rCold    . . .     Gourm    .   m - +0 buckler
rNeg     . . .     Faith    .   b - +0 leather armour
rPois    .         Spirit   .   (no helmet)
rElec    .         Reflect  .   (no cloak)
rCorr    .         Harm     .   (no gloves)
MR       .....                  (no boots)
Stlth    +.........             (no amulet)
HPRegen  0.10/turn              (no ring)
MPRegen  0.09/turn              (no ring)

@: lethally poisoned (0 -> -2)
A: change form in water, swift swim, stealthy swim
a: Depart the Abyss, Bend Space, Renounce Religion


You were on level 1 of the Dungeon.
You worshipped Lugonu.
Lugonu was pleased with you.
You were not hungry.

You visited 1 branch of the dungeon, and saw 2 of its levels.
You visited the Abyss 1 time.

You collected 17 gold pieces.

Inventory:

Hand Weapons
 a - a +1 spear (weapon)
Armour
 b - a +0 leather armour (worn)
 m - a +0 buckler (worn)
Scrolls
 d - 3 scrolls of blinking {unknown}
 e - a scroll of remove curse {unknown}
 f - 2 scrolls of identify {unknown}
 h - 3 scrolls of teleportation {unknown}
 j - a scroll of noise {unknown}
Potions
 i - a potion of agility {unknown}
 k - a potion of haste {unknown}
 l - a potion of curing {unknown}
Comestibles
 c - 2 rations
 g - a chunk of flesh


   Skills:
 + Level 3.7 Fighting
 + Level 3.7 Polearms
 - Level 1.1 Armour
 - Level 2.6 Dodging
 + Level 0.1 Shields
 + Level 2.6 Invocations


You had 2 spell levels left.
You didn't know any spells.
Your spell library was empty.

Dungeon Overview and Level Annotations

Branches:
Dungeon (2/15)

Altars:


Message History

The goblin hits you. The kobold hits you. The adder bites you.
* * * LOW HITPOINT WARNING * * *
You are poisoned.
The adder poisons you!
You are too injured to fight recklessly!
You are too injured to fight recklessly!
You feel sick. The goblin hits you.
* * * LOW HITPOINT WARNING * * *
The adder closely misses you. You block the kobold's attack.
You climb upwards.
There is a stone staircase leading down here.
You closely miss the adder.
The adder is moderately wounded.
* * * LOW HITPOINT WARNING * * *
You feel sick. The adder completely misses you. The goblin closely misses you.
The kobold barely misses you. You block the adder's attack.
You closely miss the adder.
The adder is moderately wounded.
The goblin hits you.
You die...

###+#.# #.#..#......#
#.#..#..# #.....#
#.##.##+##### #.#......
#.....####.##..#.# #.#......
#..........###.#.# #.#<.....
#....#######
#.#.########.#......
#....#####
#..........#.#......
###+#....##
##...#####.#.#..#..#
......^...#####.g.#
#..#.#......
...............S@.#
#..#.#######
..........#######K#
#.##.#..รท...
.....####.....#...#
##'##.#.#.... .....#
#.###.#.### #.....#.#.###
###### #.....#.#
##.......#.# ###......#
#.....####.#
#.......#####.....# #.###
###+#..)#.......########.#..
#...........#####.....##+#.#


You could see an adder, a goblin and a kobold.

Vanquished Creatures
  A dart slug (D:2)
  A leopard gecko (D:2)
  5 bats (D:1)
  A giant cockroach (D:1)
  3 goblins (D:1)
  4 hobgoblins (D:1)
  3 jackals (D:1)
  4 kobolds (D:1)
  A quokka (D:1)
  3 frilled lizards
  4 rats (D:1)
30 creatures vanquished.

Notes
Turn   | Place    | Note
-------+----------+-------------------------------------------
     0 | Abyss:1  | ChiliFlavouring the Merfolk Abyssal Knight began the quest
                  | for the Orb.
     0 | Abyss:1  | Reached XP level 1. HP: 18/18 MP: 2/2
    11 | Abyss:1  | Found a corrupted altar of Lugonu.
    16 | D:1      | Escaped the Abyss
   148 | D:1      | Reached XP level 2. HP: 23/24 MP: 3/3
   238 | D:1      | Reached skill level 1 in Armour
   470 | D:1      | Reached XP level 3. HP: 24/29 MP: 4/4
   639 | D:1      | Reached ** piety under Lugonu
   855 | D:1      | Slain by a goblin

Levels and vault maps discovered:
D:1:      lemuel_arrival_broad_hall, layout_basic, minmay_pentomino_q2
D:2:      layout_basic, lemuel_round_altar, nemelex_altar_shiori, first_ration,
          lemuel_altar_in_water

Skill      XL: |  1  2 |
---------------+-------+-----
Armour         | 1 |  1.1
Fighting       | |  3.7
Polearms       | |  3.7
Dodging        | |  2.6
Shields        | |  0.1
Invocations    | |  2.6

Action                   || total
-------------------------++-------
Melee: Spear             ||   109
 Stab: Sleeping          ||     1
Armor: Leather armour    ||    14
Dodge: Dodged            ||    58
Block: Buckler           ||     8

Table legend:
 A = Non-vault XP
 B = Vault XP
 C = Vault XP percentage of total XP
 D = Non-vault monster count
 E = Vault monster count
 F = Vault count percentage of total count
                 A         B        C        D         E       F
            +---------+---------+-------+---------+---------+-------
      Total |      49 |       4 |   7.5 |      28 |       2 |   6.7
            +---------+---------+-------+---------+---------+-------
        D:1 |      41 |       4 |   8.9 |      25 |       2 |   7.4
        D:2 |       8 |       0 |   0.0 |       3 |       0 |   0.0
            +---------+---------+-------+---------+---------+-------
